 Dungeon Crawl Stone Soup version 0.31-a0-977-gc230f8ef24 (webtiles) character file.

Game seed: 2157492519671480120

177224 disskorpion the Warrior (level 17, -10/187 HPs)
             Began as a Troll Gladiator on Oct 28, 2023.
             Was an Initiate of Gozag.
             Mangled by an eight-headed hydra (11 damage)
             ... on level 1 of the Snake Pit on Oct 29, 2023.
             The game lasted 01:54:48 (29399 turns).

disskorpion the Warrior (Troll Gladiator)          Turns: 29399, Time: 01:54:49

Health: -10/187    AC: 14    Str: 32    XL:     17   Next: 25%
Magic:  16/16      EV: 11    Int:  4    God:    Gozag
Gold:   604        SH: 11    Dex: 13    Spells: 16/16 levels left

rFire   + .          .
                       - Unarmed
rCold   + . .        J - +0 kite shield {reflect}
rNeg    + + .        x - +1 acid dragon scales
rPois   +            b - +0 hat
rElec   +            D - +1 cloak of Limitation {rF+ rN+}
rCorr   +            (gloves unavailable)
SInv    .            (boots unavailable)
Will    ++++.        O - amulet of the Four Winds {rN+ Will+++ Clar}
Stlth   +            W - ring of poison resistance
HPRegen 1.31/turn    T - ring "Anieplunn" {rElec rC+ Dex+2 Slay+2}
MPRegen 0.15/turn

%: reflection, clarity
@: gold aura
A: large, unfitting armour, claws 3, regeneration 1, shaggy fur 1, tough skin 1
}: 1/15 runes: decaying
a: Renounce Religion, Potion Petition, Call Merchant, Bribe Branch


You were on level 1 of the Snake Pit.
You worshipped Gozag.
Gozag was pleased with you.
You visited 5 branches of the dungeon, and saw 27 of its levels.
You also visited: Sewer, Gauntlet and Volcano.

You collected 10067 gold pieces.
You spent 2373 gold pieces at shops.
You paid 7090 gold pieces to Gozag.

Inventory:

Missiles
 c - 3 throwing nets
 u - 23 boomerangs
 B - 5 javelins
 K - 6 silver javelins
Armour
 b - a +0 hat (worn)
 x - +1 acid dragon scales (worn)
 y - a scarf of repulsion
 A - a +2 robe of cold resistance
 D - the +1 cloak of Limitation (worn) {rF+ rN+}
   (You found it in a Gauntlet)

   rF+:       It protects you from fire.
   rN+:       It protects you from negative energy.
 J - a +0 kite shield of reflection (worn)
 Y - a +0 tower shield
Jewellery
 a - a +6 ring of intelligence
 z - a ring of ice
 H - a ring of see invisible
 I - a +4 ring of protection
 L - the ring of Disaster {rF+ Int+2}
   (You took it off a minotaur in a Gauntlet)

   [ring of protection from fire]

   Int+2:     It affects your intelligence (+2).
   rF+:       It protects you from fire.
 N - a ring of protection from fire
 O - the amulet of the Four Winds (around neck) {rN+ Will+++ Clar}
   (You bought it in a shop on level 6 of the Dungeon)

   [amulet of nothing]

   rN+:       It protects you from negative energy.
   Will+++:   It greatly increases your willpower.
   Clar:      It protects you from confusion, rage, mesmerisation and fear.
 T - the ring "Anieplunn" (right claw) {rElec rC+ Dex+2 Slay+2}
   (You acquired it on level 5 of the Lair of Beasts)

   [ring of protection from cold]

   Dex+2:     It affects your dexterity (+2).
   Slay+2:    It affects your accuracy & damage with ranged weapons and melee
   (+2).
   rC+:       It protects you from cold.
   rElec:     It insulates you from electricity.
 W - a ring of poison resistance (left claw)
Wands
 i - a wand of iceblast (8)
 k - a wand of digging (4)
 o - a wand of quicksilver (12)
 s - a wand of mindburst (16)
 v - a wand of flame (62)
 w - a wand of polymorph (9)
 R - a wand of paralysis (13)
Scrolls
 m - 3 scrolls of poison
 n - 5 scrolls of teleportation
 r - 6 scrolls of fear
 t - 3 scrolls of fog
 G - a scroll of blinking
 P - 3 scrolls of revelation
 Q - 4 scrolls of immolation
 U - a scroll of torment
 V - 7 scrolls of identify
 X - a scroll of enchant weapon
Potions
 e - 3 potions of might
 f - 3 potions of mutation
 g - 2 potions of berserk rage
 h - 5 potions of invisibility
 j - 3 potions of lignification
 l - 4 potions of ambrosia
 p - a potion of resistance
 q - 9 potions of brilliance
 C - 2 potions of magic
 E - 7 potions of enlightenment
 F - 7 potions of curing
 S - a potion of cancellation


   Skills:
 + Level 15.8 Fighting
 - Level 12.0 Throwing
 + Level 11.3 Armour
 + Level 7.3 Dodging
 + Level 11.3 Shields
 + Level 12.6 Unarmed Combat


You had 16 spell levels left.
You didn't know any spells.
Your spell library contained the following spells:

 Spells                   Type           Power      Damage    Failure   Level
 Magic Dart               Conj           0%         1d3       67%         1
 Shock                    Conj/Air       0%         1d3       67%         1
 Slow                     Hex            0%         N/A       67%         1
 Blink                    Tloc           0%         N/A       82%         2
 Ensorcelled Hibernation  Hex/Ice        0%         N/A       82%         2
 Lesser Beckoning         Tloc           0%         N/A       82%         2
 Momentum Strike          Conj/Tloc      0%         3d8       82%         2
 Passwall                 Tmut/Erth      0%         N/A       82%         2
 Poisonous Vapours        Pois/Air       0%         N/A       82%         2
 Searing Ray              Conj           0%         2d4       82%         2
 Sublimation of Blood     Necr           0%         N/A       82%         2
 Confusing Touch          Hex            0%         N/A       96%         3
 Gell's Gravitas          Tloc           0%         N/A       96%         3
 Mephitic Cloud           Conj/Pois/Air  0%         N/A       96%         3
 Ozocubu's Armour         Ice            0%         N/A       96%         3
 Sigil of Binding         Hex            0%         N/A       96%         3
 Stone Arrow              Conj/Erth      0%         3d7       96%         3
 Summon Guardian Golem    Hex/Summ       0%         N/A       96%         3
 Swiftness                Air            0%         N/A       96%         3
 Teleport Other           Tloc           0%         N/A       96%         3
 Vampiric Draining        Necr           0%         2d6       96%         3
 Airstrike                Air            0%         2d(0-16)  100%        4
 Animate Armour           Summ/Erth      0%         N/A       100%        4
 Fulminant Prism          Conj/Hex       0%         3d5       100%        4
 Petrify                  Tmut/Erth      0%         N/A       100%        4
 Freezing Cloud           Conj/Ice/Air   0%         6-21      100%        5
 Irradiate                Conj/Tmut      0%         3d11      100%        5
 Dispersal                Tloc           0%         N/A       100%        6
 Orb of Destruction       Conj           0%         9d5       100%        7
 Ozocubu's Refrigeration  Ice            0%         4d7       100%        7
 Spellforged Servitor     Conj/Summ      0%         N/A       100%        7
 Lehudib's Crystal Spear  Conj/Erth      0%         10d2      100%        8


Dungeon Overview and Level Annotations

Branches:
Dungeon (15/15)            Temple (0/1) D:7            Lair (5/5) D:10
  Swamp (4/4) Lair:2        Snake (1/4) Lair:3        Slime (0/5) Lair:5
    Orc (2/2) D:11            Elf (0/3) Orc:2        Vaults (0/5) D:13
 Depths (0/4) D:15          Sewer (visited)         Volcano (visited)
Gauntlet (visited)

Altars:
Cheibriados
Elyvilon
Gozag
Hepliaklqana
Makhleb
Nemelex Xobeh
Ru
Uskayaw
Wu Jian
Xom
Yredelemnul
The Shining One

Shops:
D:1 =   D:2 [   D:6 ===[   D:9 [   D:12 ?   Orc:1 [   Orc:2 [=(*   Lair:1 *?[
Snake:1 ((([

Portals:
Trove: D:15 (give +6 demon whip)

Annotations:
D:4 1 runed translucent door, Crazy Yiuf
Lair:2 1 runed translucent door, Arzdou's ghost, journeyman GnCA
Lair:3 2 transporters, Nuriomm's ghost, journeyman GnWn


Innate Abilities, Weirdness & Mutations

You are too large for most types of armour.
You have claws for hands.
Your natural rate of healing is unusually fast.
You are covered in fur. (AC +1)
You have tough skin. (AC +1)


Message History

The eight-headed hydra barely misses you.
Aiming: Quicksilver Bolt
Press: ? - help, Shift-Dir - straight line, f - swamp drake, p - eight-headed hydra
Aim: a swamp drake (68% to hit)
The bolt of dispelling energy hits the eight-headed hydra!
The eight-headed hydra is moderately wounded.
The bolt of dispelling energy misses the swamp drake.
The vampire mosquito is distracted by your dazzling golden aura.
You block the eight-headed hydra's attack.
The eight-headed hydra barely misses you.
The eight-headed hydra bites you.
* * * LOW HITPOINT WARNING * * *
You block the eight-headed hydra's attack.
The eight-headed hydra bites you.
* * * LOW HITPOINT WARNING * * *
The eight-headed hydra closely misses you.
You block the eight-headed hydra's attack.
The eight-headed hydra bites you.
* * * LOW HITPOINT WARNING * * *
The swamp drake is distracted by your dazzling golden aura.
Aiming: Quicksilver Bolt
Press: ? - help, Shift-Dir - straight line, p - swamp drake The bolt of dispelling energy hits the eight-headed hydra!!
The eight-headed hydra is heavily wounded.
The bolt of dispelling energy hits the swamp drake!
The swamp drake is heavily wounded.
The swamp drake is no longer distracted by gold.
The vampire mosquito buzzes angrily.
The eight-headed hydra bites you!
* * * LOW HITPOINT WARNING * * *
You block the eight-headed hydra's attack.
The eight-headed hydra bites you!
* * * LOW HITPOINT WARNING * * *
The eight-headed hydra bites you!
* * * LOW HITPOINT WARNING * * *
The eight-headed hydra bites you!
* * * LOW HITPOINT WARNING * * *
The eight-headed hydra bites you!
You die...
Your body crumbles into a pile of gold.

##..#.....#.....#..
#.#.....#.....#...
###....##....##...
##..####..####.. #### ####
### ### ##. ##.###.# # ###
#####..##.## ##. #@#
###........###
####!.######D###.............
..($....##.yk..............♣.
≈≈≈≈(.(..($.................#
≈≈≈≈.......................♣.
≈≈≈≈....................##..∩
≈≈#≈............[......###.♣.
#≈≈≈...................##...#
≈≈≈≈.................)))#..♣.


You could see an eight-headed hydra, a swamp drake and a vampire mosquito.

Vanquished Creatures
  Bai Suzhen (Swamp:3)
  the Lernaean hydra (Swamp:4)
  A tentacled monstrosity (Snake:1)
  Kirke (Lair:2)
  3 thorn hunters
  Donald (Swamp:2)
  2 fenstrider witches
  Louise (Swamp:1)
  2 orc warlords
  3 ghouls (Swamp:4)
  3 eleionomae
  A minotaur (Gauntlet)
  7 bunyips
  4 fire dragons
  A shambling mangrove (Swamp:2)
  Josephine (Swamp:1)
  An ice dragon (D:15)
  Erolcha (D:12)
  2 catoblepae (Lair:5)
  Fannar (Lair:2)
  A vault guard (D:13)
  8 alligators
  3 ghost crabs
  23 hydras
  2 ogre magi
  An anaconda (Snake:1)
  4 centaur warriors
  2 death knights
  7 two-headed ogres
  8 boulder beetles
  A hell hog (Volcano)
  A tengu warrior (D:12)
  2 orc high priests (Orc:2)
  A deep troll earth mage (D:12)
  A naga sharpshooter (Snake:1)
  2 naga warriors (Snake:1)
  5 death yaks
  2 thrashing horrors (Gauntlet)
  2 skysharks (Lair:3)
  Nergalle (Orc:2)
  2 hell knights (D:12)
  2 goliath frogs
  7 bog bodies
  6 spriggan druids
  A naga ritualist (Snake:1)
  19 swamp dragons
  An arcanist (D:14)
  6 orc knights
  A necromancer (Swamp:2)
  A phantasmal warrior (D:12)
  2 deep elf pyromancers
  An orc sorcerer (Orc:2)
  8 ugly things
  7 manticores
  6 cyclopes
  2 will-o-the-wisps (Swamp:3)
  4 elephants
  A guardian serpent (shapeshifter) (D:12)
  11 black mambas
  Joseph (D:8)
  2 naga magi (Snake:1)
  4 torpor snails
  11 cane toads
  5 gargoyles
  2 unseen horrors
  3 rime drakes
  An efreet (D:13)
  Psyche (D:10)
  13 komodo dragons
  7 tyrant leeches
  A queen bee (D:12)
  3 red devils (Orc:1)
  4 meliai
  A hornet (shapeshifter) (D:13)
  A polar bear (Lair:3)
  5 trolls
  5 hornets
  5 dream sheep (Lair:5)
  Prince Ribbit (D:7)
  5 blink frogs
  A centaur simulacrum (D:13)
  13 slime creatures
  2 shadows (Gauntlet)
  A vampire (D:12)
  7 wyverns
  7 fire bats (Volcano)
  A spriggan (Swamp:1)
  4 wraiths
  38 yaks
  6 basilisks
  2 steam dragons
  20 vampire mosquitoes
  7 nagas
  18 swamp worms
  6 acid dragons
  4 wargs
  19 water moccasins
  A hell hound (Volcano)
  Pargi (Sewer)
  35 orc warriors
  10 swamp drakes
  An ice beast (D:8)
  A sky beast (D:7)
  A black bear (D:4)
  7 ogres
  13 centaurs
  7 wolves
  A phantom (D:5)
  Blork the orc (Orc:2)
  A kobold brigand (D:10)
  19 bullfrogs
  2 gnoll sergeants
  3 scorpions
  2 hornet simulacra (D:15)
  19 killer bees
  7 electric eels
  7 howler monkeys
  7 lava snakes (Volcano)
  2 small abominations (Gauntlet)
  5 jellies
  20 orc priests
  3 hounds
  A gnoll bouda (D:6)
  2 sleepcaps
  26 orc wizards
  3 iguanas
  5 hell rats (Lair:4)
  11 adders
  10 gnolls
  A shadow imp (D:5)
  5 white imps
  2 ufetubi (D:6)
  2 worms
  3 dart slugs
  74 orcs
  5 ball pythons
  5 endoplasms
  A giant cockroach (D:1)
  5 hobgoblins
  6 jackals
  13 kobolds
  10 quokkas
  3 bats (Sewer)
  3 frilled lizards
  9 goblins
  5 rats
826 creatures vanquished.

Vanquished Creatures (others)
  A tyrant leech (Swamp:3)
  4 humans (Swamp:1)
  A swamp drake (Swamp:4)
  10 foxfires (Swamp:3)
16 creatures vanquished.

Grand Total: 842 creatures vanquished

Notes
Turn   | Place    | Note
-------+----------+-------------------------------------------
     0 | D:1      | disskorpion the Troll Gladiator began the quest for the
                  | Orb.
     0 | D:1      | Reached XP level 1. HP: 19/19 MP: 0/0
    64 | D:1      | Found Ururhib's Jewellery Shoppe.
    88 | D:1      | Reached skill level 2 in Fighting
   150 | D:1      | Reached XP level 2. HP: 28/28 MP: 1/1
   701 | D:2      | Reached skill level 3 in Fighting
   701 | D:2      | Reached XP level 3. HP: 37/37 MP: 2/2
   805 | D:2      | Found Mutz's Antique Armour Boutique.
  1117 | D:2      | Reached XP level 4. HP: 40/45 MP: 3/3
  1773 | D:3      | Reached skill level 4 in Fighting
  1889 | D:4      | Noticed a black bear
  1896 | D:4      | Killed a black bear
  1897 | D:4      | Reached XP level 5. HP: 55/55 MP: 4/4
  1978 | D:4      | Reached skill level 5 in Fighting
  2030 | D:4      | Found a shimmering altar of Xom.
  2031 | D:4      | Found a hazy altar of Hepliaklqana.
  2031 | D:4      | Noticed a white ugly thing
  2032 | D:4      | Noticed a spectral ugly thing
  2032 | D:4      | Noticed a white ugly thing
  2077 | D:4      | Found a sacrificial altar of Ru.
  2236 | D:4      | Reached XP level 6. HP: 66/66 MP: 5/5
  2440 | D:4      | Found a runed translucent door.
  2441 | D:4      | Noticed Crazy Yiuf
  2564 | D:5      | Entered Level 5 of the Dungeon
  2619 | D:5      | Reached skill level 6 in Fighting
  2647 | D:5      | Reached XP level 7. HP: 53/76 MP: 6/6
  2696 | D:5      | Found a glowing drain.
  2726 | Sewer    | Entered a sewer
  2749 | Sewer    | Noticed Pargi
  2756 | Sewer    | Killed Pargi
  2828 | D:5      | Reached skill level 7 in Fighting
  3410 | D:6      | Found an opulent altar of Gozag.
  3532 | D:6      | Reached skill level 8 in Fighting
  3532 | D:6      | Reached XP level 8. HP: 74/88 MP: 7/7
  3777 | D:6      | Found Oned's Jewellery Shoppe.
  3827 | D:6      | Became a worshipper of Gozag Ym Sagoz the Greedy
  3880 | D:6      | Found Ysoag's Jewellery Shop.
  3889 | D:6      | Upgraded the game from 0.31-a0-971-g75a2e9a4b4 to
                  | 0.31-a0-977-gc230f8ef24
  3902 | D:6      | Found Juterer's Jewellery Shoppe.
  3921 | D:6      | Reached skill level 9 in Fighting
  4373 | D:6      | Found Atentule's Armour Shoppe.
  4546 | D:7      | Noticed Prince Ribbit
  4556 | D:7      | Killed Prince Ribbit
  4622 | D:7      | Identified the +7 dagger of Modesty {flame, rC+ Dex-4 SInv}
  4642 | D:7      | Reached skill level 10 in Fighting
  4649 | D:7      | Reached XP level 9. HP: 63/101 MP: 8/8
  4910 | D:7      | Found a staircase to the Ecumenical Temple.
  4992 | D:7      | Found a glowing golden altar of the Shining One.
  4994 | D:7      | Noticed an angel
  5036 | D:7      | Found a basalt altar of Yredelemnul.
  5525 | D:8      | Noticed Joseph
  5534 | D:8      | Reached skill level 5 in Unarmed Combat
  5538 | D:8      | Killed Joseph
  6175 | D:1      | Bought a +4 ring of protection for 396 gold pieces
  6398 | D:9      | Found Qemomum's Armour Emporium.
  6416 | D:9      | Found a snail-covered altar of Cheibriados.
  6458 | D:9      | Found an ornate altar of the Wu Jian Council.
  6746 | D:9      | Found a hide-covered altar of Uskayaw.
  6822 | D:9      | Found a white marble altar of Elyvilon.
  6826 | D:9      | Noticed a two-headed ogre
  6835 | D:9      | Killed a two-headed ogre
  6836 | D:9      | Reached XP level 10. HP: 96/110 MP: 9/9
  6986 | D:9      | Found a sparkling altar of Nemelex Xobeh.
  7307 | D:10     | Entered Level 10 of the Dungeon
  7352 | D:10     | Noticed Psyche
  7372 | D:10     | Killed Psyche
  7373 | D:10     | Reached skill level 10 in Unarmed Combat
  7482 | D:10     | Found a staircase to the Lair.
  7566 | D:10     | Found a burning altar of Makhleb.
  7913 | D:10     | Reached skill level 1 in Armour
  7937 | D:10     | Noticed a fire dragon
  7969 | D:10     | Killed a fire dragon
  8309 | D:11     | Found a staircase to the Orcish Mines.
  8389 | D:11     | Noticed a two-headed ogre
  8398 | D:11     | Killed a two-headed ogre
  8399 | D:11     | Reached XP level 11. HP: 117/117 MP: 10/10
  8499 | D:11     | Noticed a boulder beetle
  8508 | D:11     | Killed a boulder beetle
  8509 | D:11     | Reached skill level 5 in Dodging
  8603 | D:11     | Reached skill level 5 in Armour
  9304 | Orc:1    | Entered Level 1 of the Orcish Mines
  9347 | Lair:1   | Entered Level 1 of the Lair of Beasts
  9737 | Lair:1   | Reached skill level 5 in Throwing
 10298 | Lair:2   | Noticed a boulder beetle
 10377 | Lair:2   | Noticed a bog body
 10390 | Lair:2   | Killed a bog body
 10467 | Lair:2   | Found a dark tunnel.
 10477 | Volcano  | Entered a volcano
 10735 | Volcano  | Found a burning altar of Makhleb.
 10735 | Volcano  | Noticed a hell hog
 10743 | Volcano  | Reached XP level 12. HP: 116/126 MP: 11/11
 10749 | Volcano  | Killed a hell hog
 10783 | Volcano  | Noticed a fire dragon
 10795 | Volcano  | Killed a fire dragon
 11236 | Lair:2   | Noticed Fannar
 11294 | Lair:2   | Killed Fannar
 11363 | Lair:2   | Killed a boulder beetle
 11479 | D:6      | Bought the amulet of the Four Winds {rN+ Will+++ Clar} for
                  | 849 gold pieces
 11479 | D:6      | Found the amulet of the Four Winds {rN+ Will+++ Clar}
 11709 | Lair:2   | Identified the +6 rapier "Ozorghin" {protect, Int+5}
 11950 | Lair:2   | Found a staircase to the Swamp.
 12294 | Lair:2   | Found a runed translucent door.
 12296 | Lair:2   | Found a shimmering altar of Xom.
 12296 | Lair:2   | Noticed Arzdou's ghost (journeyman GnCA)
 12652 | Lair:3   | Reached skill level 10 in Throwing
 12832 | Lair:3   | Found a staircase to the Snake Pit.
 12922 | Lair:3   | Noticed a death yak
 12923 | Lair:3   | Noticed a death yak
 12936 | Lair:3   | Killed a death yak
 12942 | Lair:3   | Killed a death yak
 13199 | Lair:3   | Reached XP level 13. HP: 71/133 MP: 12/12
 13542 | Lair:3   | Found a transporter.
 13544 | Lair:3   | Found a transporter.
 13638 | Lair:3   | Noticed Nuriomm's ghost (journeyman GnWn)
 13716 | Lair:4   | Identified the +0 cloak "Purauseap" {Str+3 SInv}
 13745 | Lair:4   | Found a gate leading to a gauntlet.
 13755 | Gauntlet | Entered a Gauntlet
 13755 | Gauntlet | Found a transporter.
 13755 | Gauntlet | Found a transporter.
 13776 | Gauntlet | Found a transporter.
 13777 | Gauntlet | Found a transporter.
 13785 | Gauntlet | Found a transporter.
 13789 | Gauntlet | Found a transporter.
 13797 | Gauntlet | Found a transporter.
 13814 | Gauntlet | Found a transporter.
 13831 | Gauntlet | Found a transporter.
 13832 | Gauntlet | Found a transporter.
 13840 | Gauntlet | Found a transporter.
 13844 | Gauntlet | Found a transporter.
 14028 | Gauntlet | Identified the +1 cloak of Limitation {rF+ rN+}
 14058 | Gauntlet | Identified the ring of Disaster {rF+ Int+2}
 14058 | Gauntlet | Noticed a minotaur
 14075 | Gauntlet | Killed a minotaur
 14087 | Gauntlet | Identified the staff of Bauraorgh {rF+ Conj}
 14756 | Lair:5   | Entered Level 5 of the Lair of Beasts
 15065 | Lair:5   | Identified a scroll of acquirement
 15065 | Lair:5   | Acquired the ring "Anieplunn" {rElec rC+ Dex+2 Slay+2}
 15167 | Lair:5   | Reached skill level 10 in Armour
 15452 | Lair:5   | Reached skill level 11 in Fighting
 15637 | Lair:5   | Reached XP level 14. HP: 71/146 MP: 13/13
 16005 | Lair:5   | Reached skill level 12 in Fighting
 16152 | Lair:5   | Found a staircase to the Slime Pits.
 16317 | Lair:1   | Bought a scroll of identify for 24 gold pieces
 16317 | Lair:1   | Bought a scroll of identify for 24 gold pieces
 16317 | Lair:1   | Bought a scroll of identify for 24 gold pieces
 16376 | Orc:1    | Found Dyme's Armour Shop.
 17240 | Orc:2    | Entered Level 2 of the Orcish Mines
 17415 | Orc:2    | Found a staircase to the Elven Halls.
 17512 | Orc:2    | Noticed an orc warlord
 17669 | Orc:1    | Killed an orc warlord
 17783 | Orc:2    | Reached skill level 13 in Fighting
 17803 | Orc:2    | Noticed Blork the orc
 17826 | Orc:2    | Killed Blork the orc
 17857 | Orc:2    | Noticed Nergalle
 17871 | Orc:2    | Killed Nergalle
 17911 | Orc:2    | Noticed an orc warlord
 17929 | Orc:2    | Killed an orc warlord
 18180 | Orc:2    | Found Ulunecoj's Antique Armour Emporium.
 18560 | Orc:2    | Found Gucrer's Jewellery Emporium.
 18574 | Orc:2    | Found Woinaop's Antique Weapon Emporium.
 18647 | Orc:2    | Found Huifriwe's General Store.
 18900 | Lair:1   | Bought a distressingly furry robe for 210 gold pieces
 18900 | Lair:1   | Identified the +1 robe of the Devil's Team {rN++} (You
                  | bought it in a shop on level 1 of the Lair of Beasts)
 18953 | Orc:1    | Bought +1 acid dragon scales for 846 gold pieces
 19231 | D:12     | Reached skill level 14 in Fighting
 20124 | D:12     | Found Dehax's Magic Scroll Boutique.
 20133 | D:12     | Noticed Erolcha
 20149 | D:12     | Reached XP level 15. HP: 165/165 MP: 14/14
 20185 | D:12     | Killed Erolcha
 20748 | D:13     | Reached skill level 15 in Fighting
 21059 | D:13     | Found a gate to the Vaults.
 21197 | D:13     | Reached skill level 1 in Shields
 22832 | D:15     | Entered Level 15 of the Dungeon
 22842 | D:15     | Reached skill level 5 in Shields
 23208 | D:15     | Found a white marble altar of Elyvilon.
 23256 | D:15     | Found a staircase to the Depths.
 23369 | D:15     | Found a portal to a secret trove of treasure.
 23751 | IceCv    | Identified the "Guill"
 23751 | Swamp:1  | Entered Level 1 of the Swamp
 23755 | Swamp:1  | Noticed Kirke
 23783 | Lair:2   | Killed Kirke
 23897 | Swamp:1  | Noticed Josephine
 23913 | Swamp:1  | Killed Josephine
 24017 | Swamp:1  | Noticed a thorn hunter
 24029 | Swamp:1  | Killed a thorn hunter
 24035 | Swamp:1  | HP: 7/167 [four-headed hydra (6)]
 24679 | Swamp:2  | Reached XP level 16. HP: 176/176 MP: 15/15
 24714 | Swamp:2  | Noticed Louise
 24739 | Swamp:2  | Noticed Donald
 24750 | Swamp:1  | Killed Louise
 24792 | Swamp:2  | Killed Donald
 24793 | Swamp:2  | Reached skill level 10 in Shields
 25122 | Swamp:2  | Paralysed by a hornet for 3 turns
 25135 | Swamp:2  | Noticed a thorn hunter
 25159 | Swamp:2  | Killed a thorn hunter
 26950 | Swamp:4  | Entered Level 4 of the Swamp
 27436 | Swamp:4  | Noticed Bai Suzhen
 27460 | Swamp:3  | Killed Bai Suzhen
 28236 | Swamp:4  | Noticed the 27-headed Lernaean hydra
 28258 | Swamp:4  | Killed the 27-headed Lernaean hydra
 28349 | Swamp:4  | Got a decaying rune of Zot
 28635 | Swamp:4  | Reached XP level 17. HP: 98/185 MP: 16/16
 28942 | Snake:1  | Entered Level 1 of the Snake Pit
 29163 | Snake:1  | Found Ituat's Antique Weapon Boutique.
 29163 | Snake:1  | Found Wamamomm's Antique Weapon Boutique.
 29164 | Snake:1  | Found Duich's Antique Armour Boutique.
 29164 | Snake:1  | Found Vyunuh's Weapon Boutique.
 29293 | Snake:1  | Noticed a tentacled monstrosity
 29304 | Snake:1  | Killed a tentacled monstrosity
 29399 | Snake:1  | HP: 1/187 [eight-headed hydra (9)]
 29399 | Snake:1  | Mangled by an eight-headed hydra

Illustrated notes

Levels and vault maps discovered:
D:1:      onia_arrival_handbag, layout_basic, serial_shops, shop
D:2:      layout_rooms, serial_shops, shop
D:3:      minmay_octagon_keep, layout_loops_ring, small_statue_intersection
D:4:      layout_rooms, regret_index_temple_of_mockery, lemuel_tele_altar,
          uniq_crazy_yiuf_cottage
D:5:      layout_cave_pools, portal_sewer_entry_f, corexii_corridor_pit,
          minmay_hedge_maze, minmay_misc_feat_enclosed
D:6:      layout_cave_pods, nicolae_gozag_cash_rules_everything_around_me,
          serial_shops, shop, shop, nicolae_shop_advertising_works
          [nicolae_subvault_shop_adworks], shop, nicolae_letterblocks
          [nicolae_letter_subblock, nicolae_letter_subblock,
          nicolae_letter_subblock, nicolae_letter_subblock,
          nicolae_letter_subblock, nicolae_letter_subblock,
          nicolae_letter_subblock, nicolae_letter_subblock,
          nicolae_letter_subblock, nicolae_letter_subblock,
          nicolae_letter_subblock, nicolae_letter_subblock,
          nicolae_letter_subblock, nicolae_letter_subblock,
          nicolae_letter_subblock, nicolae_letter_subblock,
          nicolae_letter_subblock, nicolae_letter_subblock,
          nicolae_letter_subblock, nicolae_letter_subblock,
          nicolae_letter_subblock, nicolae_letter_subblock,
          nicolae_letter_subblock, nicolae_letter_subblock,
          nicolae_letter_subblock]
D:7:      layout_cave_pods, grunt_temple_overflow_holy_war,
          minmay_temple_entry_stoned_glass, uniq_prince_ribbit1
D:8:      layout_basic, serial_bayou_pond_c, uniq_joseph
D:9:      layout_long_grid, nicolae_uskayaw_murder_on_the_dancefloor,
          mainiacjoe_overflow_alcove_1, kennysheep_mini,
          nemelex_xobeh_ov_fountains_minmay, cheibriados_altar_1, serial_shops,
          nicolae_shop_peninsula, kennysheep_nondescript, serial_bayou_lagoon_a,
          grunt_decor_cap, roderic_serpentine_path, chequers_arboretum
D:10:     dragon1_lemuel, layout_irregular_city, lemuel_round_altar,
          lair_entry_dummy, uniq_psyche
D:11:     layout_loops_ring, orc_0_dummy
D:12:     minmay_bad_star, layout_stronghold, serial_shops,
          nicolae_shop_gibbet_a_chance, nicolae_two_hexagons, minivault_7,
          uniq_erolcha
D:13:     layout_long_grid, david_vaults_5, water_boxes_lemuel
D:14:     layout_stronghold, hangedman_decor_clover_reticule
D:15:     grunt_enter_depths_hoard, layout_rooms, elyvilon_altar_4,
          nicolae_trove_entry_crossroad
Lair:1:   layout_roguey
Lair:2:   layout_cave_pods, nicolae_swamp_entry_splash_gauntlet,
          enter_volcano_1, ebering_ghost_xom, lemuel_fruit_fields,
          grunt_megastairs_5, uniq_fannar
Lair:3:   layout_roguey, minmay_snake_entry_guardpost_small,
          gammafunk_ghost_hive, infiniplex_staircase_pool, lemuel_fruit_fields,
          serial_bayou_shore_a
Lair:4:   layout_cave_shapes, gauntlet_entry_generic
Lair:5:   hangedman_lair_in_review, layout_loops_ring, slime_entry_1,
          chequers_serial_rivers_small_3
Swamp:1:  layout_falls_marsh, evilmike_swamp_ruin_rubble_1, swamp_pool1,
          st_swamp_ruins_3, uniq_kirke, uniq_josephine
Swamp:2:  nicolae_swamp_standing_stones, layout_falls_marsh,
          nicolae_swamp_stair_fork, uniq_louise, uniq_donald
Swamp:3:  layout_falls_marsh, hangedman_swamp_ruin_wall, nzn_swamp_stair_ambush
Swamp:4:  swamp_old_school, layout_basic_swamp, swamp_pool4,
          nicolae_swamp_dense_foliage, uniq_bai_suzhen
Snake:1:  onia_ninara_swampy_vault, layout_cave_shapes, serial_shops, shop,
          minmay_shop_grid_forest, nicolae_snake_coiling_death, uniq_rupert
Orc:1:    layout_caves, serial_shops, nicolae_shop_window_shopping,
          einodemon_armed_red_devil_minivault
Orc:2:    grunt_orc_cross, layout_caves, basic_altar

Skill      XL: |  1  2  3  4  5  6  7  8  9 10 11 12 13 14 15 16 |
---------------+-------------------------------------------------+-----
Fighting       | 2 3 4 5 6 8 10 11 14 15 | 15.8
Unarmed Combat | 9 11 12 | 12.6
Armour         | 3 6 8 10 11 | 11.3
Dodging        | 4 5 7 |  7.3
Throwing       | 6 10 12 | 12.0
Shields        | 9 11 | 11.3

Action                     |  1- 3 |  4- 6 |  7- 9 | 10-12 | 13-15 | 16-18 || total
---------------------------+-------+-------+-------+-------+-------+-------++-------
  Melee: Unarmed           |   104 |   121 |   242 |   487 |  1179 |   504 ||  2637
         Punch             |       |     3 |     6 |    29 |    76 |       ||   114
  Throw: Throwing net      |       |     1 |     1 |     1 |     7 |     1 ||    11
         Boomerang         |       |     7 |    52 |    52 |   127 |       ||   238
         Large rock        |       |       |     3 |    39 |   111 |   118 ||   271
         Javelin           |       |       |       |    13 |       |       ||    13
         Dart              |       |       |       |     3 |     1 |       ||     4
 Invoke: Call Merchant     |       |       |       |       |     3 |       ||     3
         Potion Petition   |       |       |       |       |     1 |    10 ||    11
  Evoke: Wand              |       |       |       |    10 |     3 |     7 ||    20
    Use: Scroll            |       |     4 |     8 |    12 |     8 |     6 ||    38
         Potion            |       |       |     1 |     2 |    12 |     7 ||    22
   Stab: Sleeping          |     3 |       |       |     1 |     1 |       ||     5
         Held in net/web   |       |       |       |     1 |     6 |       ||     7
         Distracted        |       |       |       |     1 |     3 |     3 ||     7
 Armour: Robe              |    51 |    53 |   177 |   388 |   393 |       ||  1062
         Skin              |       |       |       |       |    69 |    23 ||    92
         Acid dragon scale |       |       |       |       |   501 |   644 ||  1145
  Dodge: Dodged            |    38 |    41 |   113 |   231 |   447 |   229 ||  1099
  Block: Kite shield       |       |       |       |       |    94 |   105 ||   199
         Tower shield      |       |       |       |       |       |   355 ||   355
         Reflection        |       |       |       |       |       |     6 ||     6

Table legend: (Time is in decaauts)
 A = Elapsed time spent in this place.
 B = Non-inter-level travel time spent in this place.
 C = Inter-level travel time spent in this place.
 D = Time resting spent in this place.
 E = Time spent auto-exploring this place.
 F = Levels seen in this place.
 G = Mean time per level.
                   A        B        C        D        E       F      G
               +--------+--------+--------+--------+--------+-----+--------+
         Total |  29155 |  26936 |   2219 |   1657 |  18935 |  30 |  971.8 |
       Dungeon |  14238 |  12909 |   1329 |    365 |   9928 |  15 |  949.2 |
          Lair |   5887 |   5437 |    450 |    158 |   4050 |   5 | 1177.4 |
         Swamp |   5121 |   4763 |    358 |    661 |   2911 |   4 | 1280.2 |
     Snake Pit |    442 |    442 |      0 |      0 |    250 |   1 |  442.0 |
  Orcish Mines |   2443 |   2363 |     80 |    450 |   1174 |   2 | 1221.5 |
         Sewer |     75 |     75 |      0 |      0 |     50 |   1 |   75.0 |
       Volcano |    619 |    619 |      0 |     19 |    430 |   1 |  619.0 |
      Gauntlet |    327 |    327 |      0 |      1 |    142 |   1 |  327.0 |
               +--------+--------+--------+--------+--------+-----+--------+

Top non-repeatable levels by time:
 Swamp:4: 1800 daAuts
    D:12: 1585 daAuts
  Lair:2: 1465 daAuts
   Orc:2: 1442 daAuts
  Lair:5: 1429 daAuts
 Swamp:2: 1384 daAuts
     D:6: 1255 daAuts
    D:11: 1221 daAuts
  Lair:3: 1185 daAuts
    D:10: 1109 daAuts
    D:13: 1099 daAuts
  Lair:1: 1092 daAuts
    D:14: 1092 daAuts
     D:9: 1021 daAuts
 Swamp:1: 1018 daAuts
